 Dungeon Crawl Stone Soup version 0.19.1-1-g22dce08 (webtiles) character file.

165 Alarkh the Chopper (level 5, -3/41 HPs)
             Began as a Demonspawn Monk on Jan 12, 2017.
             Slain by a worker ant (7 damage)
             ... on level 4 of the Dungeon.
             The game lasted 00:03:45 (2401 turns).

Alarkh the Chopper (Demonspawn Monk)                Turns: 2401, Time: 00:03:45

Health: -3/41      AC:  2    Str: 11    XL:     5   Next: 22%
Magic:  5/5        EV: 13    Int: 13    God:
Gold:   152        SH:  0    Dex: 15    Spells: 0 memorised, 4 levels left

rFire  . . .     SeeInvis .     a - +0 hand axe
rCold  + . .     Gourm    .     b - +0 robe
rNeg   + . .     Faith    .     (no shield)
rPois  .         Spirit   .     (no helmet)
rElec  .         Reflect  .     (no cloak)
rCorr  .         Harm     .     (no gloves)
MR     .....                    (no boots)
Stlth  ++........               (no amulet)
                                h - ring of positive energy
                                l - ring of protection from cold

@: lethally poisoned (-3 -> -12)
A: demonic guardian 1
a: no special abilities


You were on level 4 of the Dungeon.
You were not hungry.

You visited 1 branch of the dungeon, and saw 4 of its levels.

You collected 152 gold pieces.

Inventory:

Hand Weapons
 a - a +0 hand axe (weapon)
Armour
 b - a +0 robe (worn)
Jewellery
 h - a ring of positive energy (right hand)
 l - a ring of protection from cold (left hand)
Scrolls
 d - a scroll of random uselessness {unknown}
 e - a scroll of amnesia {unknown}
 f - a scroll of identify {unknown}
 i - 3 scrolls of remove curse
 j - a scroll of teleportation {unknown}
 k - 4 scrolls of enchant weapon {unknown}
Comestibles
 c - a bread ration
 g - 7 chunks of flesh


   Skills:
 - Level 3.0 Fighting
 + Level 5.4 Axes
 - Level 2.6 Dodging
 - Level 1.7 Stealth


You had 4 spell levels left.
You didn't know any spells.

Dungeon Overview and Level Annotations

Branches:
Dungeon (4/15)
 Temple: D:4-7

Altars:
Uskayaw

Annotations:
D:1 1 exclusion
D:3 Alarkh's ghost, novice DsMo; Grinder


Innate Abilities, Weirdness & Mutations

A weak demonic guardian rushes to your aid.


Message History

You are more poisoned.
The worker ant poisons you!
You barely miss the worker ant.
The worker ant is moderately wounded.
You feel sick. The worker ant bites you.
* * * LOW HITPOINT WARNING * * *
You closely miss the worker ant.
The worker ant is moderately wounded.
* * * LOW HITPOINT WARNING * * *
You feel sick. The worker ant closely misses you.
You slash the worker ant!
The worker ant is severely wounded.
* * * LOW HITPOINT WARNING * * *
You feel sick. The worker ant bites you.
* * * LOW HITPOINT WARNING * * *
You closely miss the worker ant.
The worker ant is severely wounded.
* * * LOW HITPOINT WARNING * * *
You feel sick. The worker ant bites you!
You die...

...###.........###.....
.#...#.........# .#..
...#.#.........####.# #
##..............##..#.#..#
###......................
####...........###.##>#.#
.........#######...##$..
..###...#######..#...<.#
#....#....##....@..##.##
####....#.##..?.a##.....
##............. .#.### ..
##...##....(..... # ..#
#....##......####.
..###.#........... .
.................[
..###.#.....##..#.
.........####


You could see a worker ant.

Vanquished Creatures
  4 adders
  2 oozes (D:1)
  2 worms
  3 dart slugs
  3 orcs (D:4)
  3 bats
  3 giant cockroaches
  6 goblins
  5 hobgoblins
  11 jackals
  7 kobolds
  A quokka (D:2)
  A ball python (D:2)
  4 frilled lizards
  6 rats
61 creatures vanquished.

Vanquished Creatures (collateral kills)
  An ogre (D:4)
  A worm (D:3)
  An orc (D:4)
3 creatures vanquished.

Grand Total: 64 creatures vanquished

Notes
Turn   | Place    | Note
-------+----------+-------------------------------------------
     0 | D:1      | Alarkh the Demonspawn Monk began the quest for the Orb.
     0 | D:1      | Reached XP level 1. HP: 18/18 MP: 1/1
    42 | D:1      | Reached skill level 3 in Axes
    42 | D:1      | Gained mutation: A weak demonic guardian rushes to your aid. [demonic ancestry]
    42 | D:1      | Reached XP level 2. HP: 15/24 MP: 2/2
   457 | D:1      | Reached XP level 3. HP: 29/29 MP: 3/3
   645 | D:2      | Reached skill level 4 in Axes
  1286 | D:2      | Reached XP level 4. HP: 22/35 MP: 4/4
  1953 | D:3      | Noticed Alarkh's ghost (novice DsMo)
  2214 | D:3      | Noticed Grinder
  2254 | D:4      | Noticed an ogre
  2263 | D:4      | Killed an ogre
  2263 | D:4      | Reached skill level 5 in Axes
  2263 | D:4      | Reached XP level 5. HP: 34/41 MP: 5/5
  2338 | D:4      | Found a hide-covered altar of Uskayaw.
  2401 | D:4      | Slain by a worker ant

Skill      XL: |  1  2  3  4 |
---------------+-------------+-----
Axes           | 3 4 5 |  5.4
Fighting       | |  3.0
Dodging        | |  2.6
Stealth        | |  1.7

Action                   |  1- 3 |  4- 6 || total
-------------------------+-------+-------++-------
Melee: Hand axe          |   127 |    97 ||   224
  Use: Potion            |     1 |     2 ||     3
       Scroll            |       |     1 ||     1
 Stab: Sleeping          |     7 |     4 ||    11
       Invisible         |     5 |       ||     5
  Eat: Chunk             |     2 |     3 ||     5
Armor: Robe              |    25 |    19 ||    44
Dodge: Dodged            |    82 |    64 ||   146
